 Dungeon Crawl Stone Soup version 0.27-a0-1202-ge72e49191c (webtiles) character file.

Game seed: 16850680393118055481

70 leviel the Skirmisher (level 4, 0/40 HPs)
             Began as a Hill Orc Fighter on June 3, 2021.
             Slain by a jackal (1 damage)
             ... on level 2 of the Dungeon.
             The game lasted 00:04:49 (1454 turns).

leviel the Skirmisher (Hill Orc Fighter)            Turns: 1454, Time: 00:04:49

Health: 0/40       AC:  8    Str: 19    XL:     4   Next: 21%
Magic:  4/4        EV:  7    Int:  8    God:
Gold:   44         SH:  9    Dex: 10    Spells: 3/3 levels left

rFire    . . .     SeeInvis .   a - +0 war axe
rCold    + . .     Faith    .   c - +0 kite shield
rNeg     . . .     Spirit   .   b - +0 scale mail
rPois    .         Reflect  .   e - +0 helmet
rElec    .         Harm     .   (no cloak)
rCorr    .         Rampage  .   (no gloves)
Will     .....                  (no boots)
Stlth    ..........             (no amulet)
HPRegen  0.13/turn              f - ring of protection from cold
MPRegen  0.09/turn              (no ring)

@: mighty
A: no striking features
a: no special abilities


You were on level 2 of the Dungeon.
You visited 1 branch of the dungeon, and saw 2 of its levels.

You collected 44 gold pieces.

Inventory:

Hand Weapons
 a - a +0 war axe (weapon)
 h - a +1 short sword of speed
Armour
 b - a +0 scale mail (worn)
 c - a +0 kite shield (worn)
 e - a +0 helmet (worn)
Jewellery
 f - a ring of protection from cold (left hand)
Scrolls
 g - a scroll of enchant weapon {unknown}


   Skills:
 - Level 4.2 Fighting
 + Level 4.2 Axes
 - Level 3.8 Armour
 - Level 3.8 Shields


You had 3 spell levels left.
You didn't know any spells.
Your spell library was empty.

Dungeon Overview and Level Annotations

Branches:
Dungeon (2/15)

Altars:


Message History

You block the goblin's attack. The goblin hits you but does no damage.
The jackal bites you but does no damage.
The goblin closely misses you. You block the goblin's attack.
Robin hits you with a +0 mace.
* * * LOW HITPOINT WARNING * * *
The goblin hits you but does no damage. You block the jackal's attack.
You closely miss the goblin. You hit Robin. You slash the goblin!
You kill the goblin!
You slash the goblin!
You kill the goblin!
You closely miss the jackal.
Robin says, "My goblins will feast on your bones."
Robin throws the goblin at you!
The jackal bites you but does no damage.
The goblin hits you but does no damage. x2; Robin throws the goblin at you!
The jackal bites you but does no damage.
The goblin hits you but does no damage.
You have reached level 4!
You slash Robin!
You kill Robin!
You barely miss the jackal. You closely miss the jackal.
You closely miss the goblin. You completely miss the goblin.
You block the goblin's attack.
The jackal bites you but does no damage.
The jackal barely misses you. You block the goblin's attack. x2
The jackal bites you.
* * * LOW HITPOINT WARNING * * *
The goblin hits you with a +0 club.
* * * LOW HITPOINT WARNING * * *
The jackal closely misses you.
Your life force feels restored.
Your Axes skill increases to level 4!
You hit the jackal but do no damage. You barely miss the goblin.
You closely miss the goblin. You slash the goblin!
You kill the goblin!
You hit the jackal. You block the jackal's attack. x2
The goblin barely misses you. The goblin hits you with a +0 club.
* * * LOW HITPOINT WARNING * * *
You block the jackal's attack. The jackal bites you.
You die...

...# . ##..# .. .....
... ... ### ..........
.... #.#...##(##..#
#......)g....#
#.....##@##
.###..#.##hhg## ...
.........#Sg#g.#
............#h#$#.#
#..#.###.#..†..#.......
#...........#.#.#.#....
.#..#.#####..#))#..#.###
.......# #..##...## .
.#..#..# #...##S##


You could see an adder, 3 jackals and 4 goblins.

Vanquished Creatures
  Robin (D:2)
  A dart slug (D:1)
  3 bats (D:1)
  7 endoplasms
  2 giant cockroaches (D:1)
  11 goblins
  4 hobgoblins
  9 jackals
  3 kobolds (D:1)
  2 quokkas (D:1)
  A ball python (D:1)
  2 frilled lizards
  4 rats
50 creatures vanquished.

Vanquished Creatures (others)
  A fungus (D:1)
1 creature vanquished.

Grand Total: 51 creatures vanquished

Notes
Turn   | Place    | Note
-------+----------+-------------------------------------------
     0 | D:1      | leviel the Hill Orc Fighter began the quest for the Orb.
     0 | D:1      | Reached XP level 1. HP: 19/19 MP: 1/1
   180 | D:1      | Reached XP level 2. HP: 10/27 MP: 2/2
   627 | D:1      | Reached XP level 3. HP: 25/33 MP: 3/3
  1365 | D:1      | Found a faded altar of an unknown god.
  1431 | D:2      | Noticed Robin
  1453 | D:2      | Reached XP level 4. HP: 8/39 MP: 4/4
  1453 | D:2      | Killed Robin
  1454 | D:2      | HP: 1/40 [goblin/+0 club[Robin] (3)]
  1454 | D:2      | Slain by a jackal

Illustrated notes

Levels and vault maps discovered:
D:1:      lightli_arrival_quake, layout_loops_ring,
          shapermc_ecumenical_altar_hornbeckon
D:2:      layout_basic, hangedman_decor_peaks_small, amcnicky_mini_pool_small,
          minmay_box_of_dots, uniq_robin

Skill      XL: |  1  2  3  4 |
---------------+-------------+-----
Axes           | 3 4 |  4.2
Fighting       | 4 |  4.2
Armour         | |  3.8
Shields        | |  3.8

Action                   |  1- 3 |  4- 6 || total
-------------------------+-------+-------++-------
Melee: War axe           |    90 |     2 ||    92
       Short sword       |    26 |       ||    26
  Use: Scroll            |     2 |       ||     2
       Potion            |     1 |       ||     1
Armor: Scale mail        |    74 |     1 ||    75
Dodge: Dodged            |    45 |     3 ||    48
Block: Kite shield       |    75 |     6 ||    81

Table legend: (Time is in decaauts)
 A = Elapsed time spent in this place.
 B = Non-inter-level travel time spent in this place.
 C = Inter-level travel time spent in this place.
 D = Time resting spent in this place.
 E = Time spent auto-exploring this place.
 F = Levels seen in this place.
 G = Mean time per level.
                   A        B        C        D        E       F      G
               +--------+--------+--------+--------+--------+-----+--------+
         Total |   1507 |   1416 |     91 |      0 |   1137 |   2 |  753.5 |
       Dungeon |   1507 |   1416 |     91 |      0 |   1137 |   2 |  753.5 |
               +--------+--------+--------+--------+--------+-----+--------+

Top non-repeatable levels by time:
     D:1: 1432 daAuts
     D:2: 75 daAuts
